 Dungeon Crawl Stone Soup version 0.26.0-18-gc5c842f807 (webtiles) character file.

Game seed: 2253170049085719361

98 FancyManDan the Skirmisher (level 4, -3/40 HPs)
             Began as a Ghoul Monk on Jan 22, 2021.
             Slain by Ijyb
             ... wielding a +0 club
              (4 damage)
             ... on level 3 of the Dungeon.
             The game lasted 00:06:05 (2105 turns).

FancyManDan the Skirmisher (Ghoul Monk)             Turns: 2105, Time: 00:06:05

Health: -3/40      AC: -1    Str: 14    XL:     4   Next: 71%
Magic:  3/3        EV: 13    Int:  5    God:
Gold:   103        SH:  0    Dex: 12    Spells: 3/3 levels left

rFire    . . .     SeeInvis .   a - +0 falchion
rCold    + + .     Faith    .   (no shield)
rNeg     + + +     Spirit   .   b - +0 robe
rPois    ∞         Reflect  .   j - +0 helmet
rElec    .         Harm     .   (no cloak)
rCorr    .         Rampage  .   (no gloves)
Will     .....                  (no boots)
Stlth    ++........             f - amulet of the acrobat
HPRegen  0.00/turn              l - ring of protection from cold
MPRegen  0.08/turn              (no ring)

@: corroded
A: claws 1, cold resistance 1, negative energy resistance 3, inhibited
regeneration, torment resistance, unbreathing
a: no special abilities


You were on level 3 of the Dungeon.
You visited 1 branch of the dungeon, and saw 3 of its levels.

You collected 103 gold pieces.

Inventory:

Hand Weapons
 a - a +0 falchion (weapon)
Armour
 b - a +0 robe (worn)
 j - a +0 helmet (worn)
Jewellery
 f - an amulet of the acrobat (around neck)
 l - a ring of protection from cold (left claw)
Wands
 k - a wand of polymorph (11)
Scrolls
 c - a scroll of magic mapping {unknown}
 g - a scroll of enchant armour {unknown}
 h - a scroll of teleportation {unknown}
 i - a scroll of remove curse {unknown}
Potions
 d - 2 potions of curing {unknown}
 e - a potion of haste {unknown}


   Skills:
 + Level 3.9 Fighting
 + Level 3.2 Long Blades
 * Level 3.7 Dodging
 - Level 2.1 Stealth
 + Level 1.7 Unarmed Combat


You had 3 spell levels left.
You didn't know any spells.
Your spell library was empty.

Dungeon Overview and Level Annotations

Branches:
Dungeon (3/15)

Altars:

Annotations:
D:3 Ijyb, Terence


Innate Abilities, Weirdness & Mutations

You thrive by killing the living.
You are immune to poison.
You have sharp fingernails.
Your flesh is cold resistant. (rC+)
You are immune to negative energy. (rN+++)
You do not regenerate when monsters are visible.
You are immune to unholy pain and torment.
You can survive without breathing.


Message History

You hit Ijyb.
Ijyb is heavily wounded.
The bat hits you but does no damage. Ijyb hits you with a +0 club.
You closely miss Ijyb.
Ijyb is heavily wounded.
The bat barely misses you.
Ijyb zaps a wand.
The bolt of acid misses you.
You hit Ijyb but do no damage.
Ijyb is heavily wounded.
Ijyb completely misses you.
You riposte.
You closely miss Ijyb.
Ijyb is heavily wounded.
The bat hits you but does no damage.
You hit Ijyb but do no damage.
Ijyb is heavily wounded.
The bat barely misses you.
Ijyb zaps a wand.
The bolt of acid hits you!
* * * LOW HITPOINT WARNING * * *
The acid corrodes you!
You are splashed with acid!
* * * LOW HITPOINT WARNING * * *
Ijyb screams, "Me kill you!" Ijyb hits you with a +0 club.
You die...

### #.#
##............ #.#
#.............. #.#
#..............
....#..............
................
................
#........b.>...
#.....(g......
##...)@#.....
####### ###


You could see Ijyb and a bat.

Vanquished Creatures
  Robin (D:2)
  2 adders (D:2)
  An ooze (D:3)
  3 leopard geckos
  An orc (D:3)
  8 bats
  3 giant cockroaches
  13 goblins
  6 hobgoblins
  3 jackals (D:2)
  A ball python (D:1)
  8 kobolds
  7 rats
57 creatures vanquished.

Notes
Turn   | Place    | Note
-------+----------+-------------------------------------------
     0 | D:1      | FancyManDan the Ghoul Monk began the quest for the Orb.
     0 | D:1      | Reached XP level 1. HP: 19/19 MP: 0/0
   165 | D:1      | Reached XP level 2. HP: 25/26 MP: 1/1
   623 | D:1      | Reached skill level 1 in Unarmed Combat
   651 | D:1      | Reached XP level 3. HP: 31/31 MP: 2/2
  1097 | D:2      | Reached XP level 4. HP: 15/40 MP: 3/3
  1287 | D:2      | Noticed Robin
  1311 | D:2      | Killed Robin
  1825 | D:3      | Noticed Terence
  2084 | D:3      | Noticed Ijyb
  2105 | D:3      | HP: 1/40 [acid (10)]
  2105 | D:3      | Slain by Ijyb

Illustrated notes

Levels and vault maps discovered:
D:1:      evilmike_arrival_plus, layout_loops_corners, minmay_misc_feat_x
D:2:      layout_basic, uniq_robin
D:3:      layout_rooms, uniq_ijyb, uniq_terence

Skill      XL: |  1  2  3 |
---------------+----------+-----
Dodging        | 3 |  3.7
Unarmed Combat | 1 |  1.7
Long Blades    | 3 |  3.2
Fighting       | |  3.9
Stealth        | |  2.1

Action                   |  1- 3 |  4- 6 || total
-------------------------+-------+-------++-------
Melee: Falchion          |    86 |    67 ||   153
 Stab: Sleeping          |     6 |     1 ||     7
       Distracted        |       |     1 ||     1
Armor: Robe              |    15 |    19 ||    34
Dodge: Dodged            |    74 |    72 ||   146
       Rpst.: Falchion   |    18 |    22 ||    40
